 Dungeon Crawl Stone Soup version 0.30-b1-2-g02819fbbbe (webtiles) character file.

Game seed: 14524916747064962536

212 Flugkiller the Sneak (level 6, 0/37 HPs)
             Began as a Kobold Transmuter on May 18, 2023.
             Frozen to death by an endoplasm (2 damage)
             ... in a sewer.
             The game lasted 00:03:12 (2329 turns).

Flugkiller the Sneak (Kobold Transmuter)            Turns: 2329, Time: 00:03:13

Health: 0/37       AC: -10   Str:  8    XL:     6   Next: 14%
Magic:  7/9        EV: 15    Int: 14    God:
Gold:   101        SH:  0    Dex: 17    Spells: 6/9 levels left

rFire   . . .        d - +2 dagger (vamp)
rCold   . . .        (no shield)
rNeg    . . .        a - +0 robe
rPois   .            (no helmet)
rElec   .            (no cloak)
rCorr   .            (no gloves)
SInv    .            (no boots)
Will    .....        (no amulet)
Stlth   ++++         (no ring)
HPRegen 0.26/turn    (no ring)
MPRegen 0.11/turn

%: no passive effects
@: wereblooded (expiring), corroded
A: small, no large weapons, nightstalker 3
a: no special abilities


You were in a sewer.
You visited 1 branch of the dungeon, and saw 3 of its levels.
You also visited: Sewer.

You collected 101 gold pieces.

Inventory:

Hand Weapons
 d - a +2 vampiric dagger (weapon)
   (You found it on level 1 of the Dungeon)
 l - a +2 dagger of flaming
   (You found it on level 1 of the Dungeon)
Missiles
 s - 2 atropa-tipped darts
Armour
 a - a +0 robe (worn)
Wands
 o - a wand of iceblast (11)
   (You found it on level 2 of the Dungeon)
Scrolls
 e - a scroll of immolation
 h - a scroll of magic mapping
 i - 2 scrolls of poison
 j - a scroll of fog {unknown}
 k - a scroll of torment {unknown}
 n - a scroll of vulnerability {unknown}
 q - a scroll of acquirement {unknown}
Potions
 b - a potion of lignification
 c - a potion of magic {unknown}
 f - 2 potions of cancellation {unknown}
 m - 2 potions of mutation {unknown}
 p - a potion of resistance {unknown}
 r - a potion of berserk rage {unknown}
 u - 2 potions of might {unknown}


   Skills:
 + Level 3.2 Fighting
 + Level 4.3 Short Blades
 - Level 2.4 Dodging
 + Level 4.4 Stealth
 - Level 3.0 Unarmed Combat
 - Level 2.1 Spellcasting
 - Level 2.0 Transmutations


You had 6 spell levels left.
You knew the following spells:

 Your Spells              Type           Power      Damage    Failure   Level
a - Beastly Appendage     Tmut           14%        N/A       11%         1
b - Wereblood             Tmut           7%         N/A       16%         2

Your spell library contained the following spells:

 Spells                   Type           Power      Damage    Failure   Level
 Spider Form              Tmut/Pois      4%         N/A       43%         3
 Ice Form                 Ice/Tmut       4%         N/A       83%         4


Dungeon Overview and Level Annotations

Branches:
Dungeon (3/15) Zot: 16087   Sewer (1/1) Zot: 5568

Altars:


Innate Abilities, Weirdness & Mutations

You are small and have problems with some larger weapons.
You are completely attuned to the shadows.


Message History

An adder is nearby!
Casting: Beastly Appendage (safe; 11% risk of failure)
Confirm with . or Enter, or press ? or * to list all spells.
You grow a pair of large bovine horns.
Your feet morph into talons.
The adder hisses angrily.
You hear an angry hiss.
You hit the adder. Your kick misses the adder.
The adder is lightly wounded.
The adder bites you.
You hit the adder.
You feel better.
You headbutt the adder.
You kill the adder!
No target in view!
You see here an adder corpse.
A jelly comes into view.
The endoplasm attacks as you move away! The endoplasm misses you.
Your transformation is almost over.
You see here an adder corpse.
Casting: Beastly Appendage (safe; 11% risk of failure)
Confirm with . or Enter, or press ? or * to list all spells.
Your blood is infused with primal strength.
You hit the endoplasm. You headbutt the endoplasm.
You kill the endoplasm!
The endoplasm freezes you.
You are frozen.
You hit the endoplasm.
You feel better.
You claw the endoplasm.
You feel a bit better.
You kill the endoplasm!
The river rat closely misses you.
An endoplasm comes into view.
The endoplasm quivers.
You hit the jelly.
Your hands burn!
You claw the jelly! You punch the jelly.
You feel a bit better.
You kill the jelly!
The river rat bites you.
Training target 4.0 for Stealth reached!
Training target 4.0 for Short Blades reached!
Your Short Blades skill increases to level 4!
Your Stealth skill increases to level 4!
You need to enable at least one skill for training.
You hit the river rat. Your kick misses the river rat.
You headbutt the river rat!
You feel a bit better.
You kill the river rat!
A jelly comes into view.
The endoplasm hits you but does no damage.
You hit the endoplasm.
You kill the endoplasm!
You enter the shallow water.
Moving in this stuff is going to be slow.
A jelly and a frilled lizard come into view.
Your horns disappear.
Your talons disappear.
The jelly quivers.
The frilled lizard hisses angrily.
An endoplasm comes into view.
The jelly hits you.
You are splashed with acid.
You puncture the jelly!
You feel better.
Your hands burn!
The jelly is heavily wounded.
The jelly hits you.
You are splashed with acid.
You hit the jelly.
Your hands burn!
The jelly is severely wounded.
You hit the jelly.
Your hands burn!
The jelly is almost dead.
A river rat comes into view.
The jelly hits you but does no damage. The frilled lizard bites you.
The jelly barely misses you.
You hit the jelly.
You feel a bit better.
You kill the jelly!
The jelly hits you but does no damage. The frilled lizard bites you.
You have reached level 6!
You hit the jelly.
Your hands burn!
The jelly is moderately wounded.
The jelly closely misses you. The frilled lizard barely misses you.
You hit the jelly.
You feel better. The acid corrodes you!
Your hands burn!
The jelly is heavily wounded.
The jelly hits you. The acid corrodes you!
You are splashed with acid!
* * * LOW HITPOINT WARNING * * *
The frilled lizard bites you.
* * * LOW HITPOINT WARNING * * *
Unknown command.
Okay, then.
Okay, then.
You hit the jelly but do no damage.
Your hands burn!
* * * LOW HITPOINT WARNING * * *
The jelly is heavily wounded.
You howl as the wereblood boils in your veins!
Your primal bloodlust is almost over.
Unknown command.
You hit the jelly but do no damage. The acid corrodes you!
Your hands burn!
* * * LOW HITPOINT WARNING * * *
The jelly is heavily wounded.
The jelly barely misses you.
The frilled lizard completely misses you.
The endoplasm hits you.
* * * LOW HITPOINT WARNING * * *
Unknown command.
You hit the jelly but do no damage.
Your hands burn!
* * * LOW HITPOINT WARNING * * *
The jelly is heavily wounded.
The jelly misses you. The frilled lizard barely misses you.
The endoplasm freezes you.
You are frozen.
You die...

#############
##........~~~####
...~...~.†.~..~~##
÷~~#########..~.~#
.### ###†~~## ##
##..r## #J #
#~@J~###J.. #
##Jl~~.~~J#
###########
##.~.~~~###
~~.~.....~#
##~..~~J.#
.~..~....~#
##...~.~.~
########..#
#..~#~..r~ #..#
#~~†##~~.## #~~#
..~~##....~#
########..# ..~..#
!.#.~#


You could see a jelly, a river rat, an endoplasm and a frilled lizard.

Vanquished Creatures
  2 jellies (Sewer)
  5 adders
  3 river rats (Sewer)
  A dart slug (D:1)
  7 ball pythons
  6 bats
  13 endoplasms
  9 giant cockroaches
  10 goblins
  3 hobgoblins (D:1)
  4 jackals (D:1)
  3 quokkas
  3 frilled lizards
  4 kobolds
  5 rats
78 creatures vanquished.

Notes
Turn   | Place    | Note
-------+----------+-------------------------------------------
     0 | D:1      | Flugkiller the Kobold Transmuter began the quest for the
                  | Orb.
     0 | D:1      | Reached XP level 1. HP: 12/12 MP: 3/3
    87 | D:1      | Reached XP level 2. HP: 16/17 MP: 5/5
   120 | D:1      | Reached skill level 1 in Short Blades
   229 | D:1      | Reached skill level 1 in Stealth
   292 | D:1      | Reached XP level 3. HP: 21/21 MP: 6/6
  1163 | D:2      | Reached XP level 4. HP: 27/27 MP: 7/7
  1814 | D:3      | Found a faded altar of an unknown god.
  1862 | D:3      | Found a glowing drain.
  1906 | Sewer    | Entered a sewer
  1948 | Sewer    | Reached XP level 5. HP: 30/32 MP: 8/8
  2119 | Sewer    | Learned a level 2 spell: Wereblood
  2325 | Sewer    | Reached XP level 6. HP: 21/37 MP: 7/9
  2329 | Sewer    | Frozen to death by an endoplasm

Illustrated notes

Levels and vault maps discovered:
D:1:      psy_arrival_terrarium, layout_basic, serial_rivers,
          chequers_serial_rivers_micro_c, chequers_serial_rivers_room_a,
          chequers_serial_rivers_micro_d, chequers_serial_rivers_large_a
D:2:      layout_basic
D:3:      layout_loops_ring, gup_sewer_entry_glass,
          shapermc_ecumenical_altar_starsandcircs, uniq_robin, uniq_ijyb
Sewer:    sewer_hellmonk_slimy_pipes

Skill      XL: |  1  2  3  4  5 |
---------------+----------------+-----
Fighting       | 2 3 |  3.2
Short Blades   | 1 2 3 4 |  4.3
Stealth        | 1 2 3 4 |  4.4
Dodging        | |  2.4
Unarmed Combat | |  3.0
Spellcasting   | |  2.1
Transmutations | |  2.0

Action                     |  1- 3 |  4- 6 || total
---------------------------+-------+-------++-------
  Melee: Unarmed           |    23 |       ||    23
         Headbutt          |     2 |     7 ||     9
         Dagger            |    89 |    95 ||   184
         Punch             |       |     3 ||     3
         Kick              |       |     9 ||     9
   Cast: Beastly Appendage |     2 |     7 ||     9
         Wereblood         |       |     2 ||     2
    Use: Scroll            |       |     8 ||     8
   Stab: Sleeping          |     9 |    12 ||    21
         Distracted        |       |     1 ||     1
 Armour: Robe              |    20 |    14 ||    34
  Dodge: Dodged            |    86 |    64 ||   150
